 Dungeon Crawl Stone Soup version 0.27-a0-1557-g57f10a385c (webtiles) character file.

Game seed: 5826217649569112113

521 Demosthentine the Poker (level 7, -7/55 HPs)
             Began as a Merfolk Gladiator on July 15, 2021.
             Mangled by a troll (10 damage)
             ... on level 5 of the Dungeon.
             The game lasted 00:03:12 (5003 turns).

Demosthentine the Poker (Merfolk Gladiator)         Turns: 5003, Time: 00:03:12

Health: -7/55      AC:  5    Str: 16    XL:     7   Next: 21%
Magic:  7/7        EV: 14    Int:  7    God:
Gold:   147        SH:  0    Dex: 16    Spells: 6/6 levels left

rFire    . . .     SeeInvis .   a - +0 trident
rCold    . . .     Faith    .   (no shield)
rNeg     . . .     Spirit   .   b - +0 leather armour
rPois    .         Reflect  .   c - +0 helmet
rElec    .         Harm     .   g - +0 cloak
rCorr    .         Rampage  .   (no gloves)
Will     .....                  (no boots)
Stlth    +.........             (no amulet)
HPRegen  0.18/turn              (no ring)
MPRegen  0.10/turn              (no ring)

@: mighty
A: (nimble swimmer 2), mertail
a: no special abilities


You were on level 5 of the Dungeon.
You visited 1 branch of the dungeon, and saw 5 of its levels.

You collected 147 gold pieces.

Inventory:

Hand Weapons
 a - a +0 trident (weapon)
Missiles
 j - 3 curare-tipped darts (quivered)
Armour
 b - a +0 leather armour (worn)
 c - a +0 helmet (worn)
 g - a +0 cloak (worn)
Jewellery
 h - a ring of positive energy
Wands
 l - a wand of acid (9)
Scrolls
 e - 2 scrolls of identify
Potions
 f - a potion of ambrosia


   Skills:
 + Level 4.5 Fighting
 + Level 6.8 Polearms
 - Level 2.0 Throwing
 + Level 2.5 Armour
 + Level 6.2 Dodging


You had 6 spell levels left.
You didn't know any spells.
Your spell library contained the following spells:

 Spells                   Type           Power      Damage    Failure   Level
 Summon Small Mammal      Summ           0%         N/A       50%         1
 Slow                     Hex            0%         N/A       63%         2
 Call Canine Familiar     Summ           0%         N/A       86%         3
 Confusing Touch          Hex            0%         N/A       86%         3
 Ozocubu's Armour         Ice            0%         N/A       86%         3
 Summon Guardian Golem    Hex/Summ       0%         N/A       86%         3
 Vampiric Draining        Necr           0%         2d6       86%         3
 Metabolic Englaciation   Hex/Ice        0%         N/A       100%        5
 Simulacrum               Ice/Necr       0%         N/A       100%        6


Dungeon Overview and Level Annotations

Branches:
Dungeon (5/15)
 Temple: D:4-7

Altars:
Gozag
Hepliaklqana
Vehumet


Innate Abilities, Weirdness & Mutations

((You are quick and stealthy near water. (Stealth+, EV+, Speed+++)))
Your lower body shifts to a powerful aquatic tail in water.


Message History

You throw a throwing net. The throwing net hits the troll.
The troll is caught in the net!
The troll is heavily wounded.
The troll struggles against the net.
You hit the troll.
The troll is severely wounded.
The troll struggles against the net.
You puncture the troll!
The troll is severely wounded.
The troll struggles against the net.
You strike the helpless troll from behind!
You hit the troll.
The troll is severely wounded.
You hit the troll but do no damage.
The troll is severely wounded.
The troll struggles against the net.
You catch the helpless troll completely off-guard!
You hit the troll but do no damage.
The troll is severely wounded.
The troll struggles against the net.
The net rips apart, and the troll comes free!
You closely miss the troll.
The troll is severely wounded.
The troll misses you. The troll claws you!
* * * LOW HITPOINT WARNING * * *
The troll misses you.
You hit the troll.
The troll is severely wounded.
The troll closely misses you. The troll barely misses you. The troll claws you.
* * * LOW HITPOINT WARNING * * *
Unknown command.
You feel very mighty all of a sudden. The troll bites you.
* * * LOW HITPOINT WARNING * * *
The troll claws you but does no damage. The troll barely misses you.
Unknown command.
You puncture the troll!
The troll is almost dead.
The troll bites you!
You die...

##.. # ##... ..
.... ... ... ..#..
. ... .###
....##.####+#......
......T@$.'_+......
#.#########'#.....
#.#...#
########.#...#
...........>.#.#
########..#.##.#
#.......# #.#####.#
######.# #.#


You could see a troll.

Vanquished Creatures
  Grinder (D:4)
  A bullfrog (D:3)
  An orc priest (D:4)
  2 iguanas
  Terence (D:2)
  A hound skeleton (D:5)
  3 gnolls (D:3)
  2 adders (D:2)
  2 adder skeletons (D:4)
  7 orcs
  6 ball pythons
  6 bats
  7 endoplasms
  4 giant cockroaches
  8 goblins
  4 hobgoblins (D:2)
  5 jackals
  6 kobolds
  5 quokkas
  9 frilled lizards (D:1)
  3 rats
84 creatures vanquished.

Vanquished Creatures (others)
  18 plants
18 creatures vanquished.

Grand Total: 102 creatures vanquished

Notes
Turn   | Place    | Note
-------+----------+-------------------------------------------
     0 | D:1      | Demosthentine the Merfolk Gladiator began the quest for the
                  | Orb.
     0 | D:1      | Reached XP level 1. HP: 16/16 MP: 1/1
   386 | D:1      | Reached XP level 2. HP: 23/23 MP: 2/2
   781 | D:1      | Found a radiant altar of Vehumet.
  1448 | D:2      | Reached XP level 3. HP: 25/28 MP: 3/3
  1535 | D:2      | Reached skill level 5 in Polearms
  1663 | D:2      | Noticed Terence
  1683 | D:2      | Reached skill level 1 in Armour
  2041 | D:2      | Killed Terence
  2042 | D:2      | Reached XP level 4. HP: 5/35 MP: 4/4
  3034 | D:3      | Found a hazy altar of Hepliaklqana.
  3059 | D:3      | Found a faded altar of an unknown god.
  3354 | D:3      | Reached skill level 5 in Dodging
  3354 | D:3      | Reached XP level 5. HP: 37/41 MP: 5/5
  3934 | D:4      | Noticed Grinder
  3946 | D:4      | Paralysed by Grinder for 6 turns
  3966 | D:4      | Killed Grinder
  3967 | D:4      | Reached XP level 6. HP: 13/48 MP: 6/6
  4403 | D:4      | Reached XP level 7. HP: 29/55 MP: 7/7
  4839 | D:5      | Entered Level 5 of the Dungeon
  4980 | D:5      | Found an opulent altar of Gozag.
  4985 | D:5      | Noticed a troll
  5003 | D:5      | Mangled by a troll

Illustrated notes

Levels and vault maps discovered:
D:1:      evilmike_arrival_fibonacci_small, layout_basic, minmay_misc_feat_five,
          kennysheep_flooded_box, grunt_decor_mini_mirrors, minmay_lizard_king
D:2:      layout_basic, minmay_tetromino_s4, uniq_terence
D:3:      layout_rooms, nicolae_hepliaklqana_hazy_memory,
          shapermc_ecumenical_altar_pompeii, grunt_ministairs_15, st_stairs_3
D:4:      layout_gridville, serial_bayou, serial_bayou_shore_b,
          serial_bayou_lake_a, serial_bayou_crossing, serial_bayou_lagoon_b,
          abandoned_shop, kennysheep_another_room, uniq_grinder
D:5:      cheibrodos_fzero, layout_loops_ring, kennysheep_mini,
          uniq_blork_the_orc

Skill      XL: |  1  2  3  4  5 |
---------------+----------------+-----
Polearms       | 5 6 |  6.8
Armour         | 1 2 |  2.5
Fighting       | 3 4 |  4.5
Dodging        | 5 6 |  6.2
Throwing       | |  2.0

Action                   |  1- 3 |  4- 6 |  7- 9 || total
-------------------------+-------+-------+-------++-------
Melee: Trident           |    91 |   154 |    38 ||   283
       Tailslap          |       |     2 |       ||     2
Throw: Throwing net      |     1 |     2 |     1 ||     4
  Use: Scroll            |     2 |     2 |     2 ||     6
       Potion            |     1 |     3 |     1 ||     5
 Stab: Sleeping          |     1 |     3 |     3 ||     7
       Distracted        |     1 |       |       ||     1
       Held in net/web   |     1 |       |     2 ||     3
Armor: Leather armour    |     8 |    31 |     7 ||    46
Dodge: Dodged            |    36 |    77 |    18 ||   131

Table legend: (Time is in decaauts)
 A = Elapsed time spent in this place.
 B = Non-inter-level travel time spent in this place.
 C = Inter-level travel time spent in this place.
 D = Time resting spent in this place.
 E = Time spent auto-exploring this place.
 F = Levels seen in this place.
 G = Mean time per level.
                   A        B        C        D        E       F      G
               +--------+--------+--------+--------+--------+-----+--------+
         Total |   4938 |   4841 |     97 |    263 |   4010 |   5 |  987.6 |
       Dungeon |   4938 |   4841 |     97 |    263 |   4010 |   5 |  987.6 |
               +--------+--------+--------+--------+--------+-----+--------+

Top non-repeatable levels by time:
     D:1: 1586 daAuts
     D:2: 1375 daAuts
     D:4: 1129 daAuts
     D:3: 683 daAuts
     D:5: 162 daAuts
